 Dungeon Crawl Stone Soup version 0.31.0-11-ge490571c62 (webtiles) character file.

Game seed: 17943814076660498451

110 mopl the Caller (level 4, -2/24 HPs)
             Began as a Tengu Summoner on Jan 31, 2024.
             Slain by an ice beast (4 damage)
             ... on level 3 of the Dungeon.
             The game lasted 00:03:19 (2742 turns).

mopl the Caller (Tengu Summoner)                    Turns: 2742, Time: 00:03:22

Health: -2/24      AC:  2    Str:  8    XL:     4   Next: 91%
Magic:  2/10       EV: 12    Int: 18    God:
Gold:   103        SH:  5    Dex: 14    Spells: 3/9 levels left

rFire   + . .        a - +0 spear
rCold   + . .        (no shield)
rNeg    . . .        k - +0 robe
rPois   .            (helmet restricted)
rElec   .            q - scarf {rC+ rF+}
rCorr   .            (no gloves)
SInv    .            (boots unavailable)
Will    .....        m - amulet of reflection
Stlth   ++           (no ring)
HPRegen 0.24/turn    (no ring)
MPRegen 0.12/turn

%: reflection, acrobat
@: inugami summoned
A: beak, talons 3, acrobatic
a: no special abilities


You were on level 3 of the Dungeon.
You visited 1 branch of the dungeon, and saw 3 of its levels.

You collected 103 gold pieces.

Inventory:

Hand Weapons
 a - a +0 spear (weapon)
Armour
 k - a +0 robe (worn)
 q - a scarf of resistance (worn)
Jewellery
 m - an amulet of reflection (around neck)
Wands
 n - a wand of iceblast (18)
Scrolls
 d - a scroll of enchant armour {unknown}
 e - 3 scrolls of noise {unknown}
 f - a scroll of vulnerability {unknown}
 g - 2 scrolls of fear {unknown}
 h - a scroll of amnesia {unknown}
 o - 2 scrolls of teleportation {unknown}
 p - 6 scrolls of identify {unknown}
Potions
 b - a potion of magic
 c - 4 potions of heal wounds {unknown}
 i - 2 potions of lignification {unknown}
 j - 4 potions of curing {unknown}
 l - a potion of attraction {unknown}
 r - a potion of berserk rage {unknown}


   Skills:
 + Level 0.7 Polearms
 - Level 2.1 Dodging
 - Level 2.0 Stealth
 * Level 3.4 Spellcasting
 * Level 6.1 Summonings


You had 3 spell levels left.
You knew the following spells:

 Your Spells              Type           Power      Damage    Failure   Level
a - Summon Small Mammal   Summ           100%       N/A       1%          1
b - Call Imp              Summ           50%        N/A       1%          2
c - Call Canine Familiar  Summ           25%        N/A       3%          3

Your spell library contained the following spells:

 Spells                   Type           Power      Damage    Failure   Level
 Summon Blazeheart Golem  Fire/Summ      14%        N/A       41%         4
 Summon Lightning Spire   Summ/Air       14%        N/A       41%         4


Dungeon Overview and Level Annotations

Branches:
Dungeon (3/15)

Altars:
Qazlal


Innate Abilities, Weirdness & Mutations

You have a beak for a mouth.
You have claws for feet.
You can magically evade attacks while moving or waiting.


Message History

Found 13 gold pieces.
Your inugami closely misses the scorpion.
Something hits your inugami but does no damage.
Things that are here:
a +0 dagger; an orc corpse You swap places.
Something stings your cerulean imp!
Your cerulean imp dies!
Your cerulean imp disappears in a puff of smoke!
You see here a scroll labelled LYGOSCHUZUYNN.
You see here a scroll labelled POXZIO QECEINA.
You see here 13 gold pieces.
Your inugami hits the scorpion.
You see here a +0 ring mail.
You block the ice beast's attack.
Your inugami hits the scorpion but does no damage.
The scorpion misses your inugami.
You see here a +1 pair of gloves of hurling.
The scorpion misses something.
The scorpion closely misses your inugami.
Your inugami hits the scorpion.
There is a transporter here.
You enter the transporter and appear at another place.
The scorpion barely misses your inugami.
The ice beast hits you but does no damage.
The scorpion stings your inugami. The ice beast barely misses you.
The scorpion stings your inugami but does no damage.
The ice beast attacks as it pursues you!
The ice beast completely misses you.
Casting: Summon Small Mammal (safe; 1% risk of failure)
Confirm with . or Enter, or press ? or * to list all spells.
You imbue your familiar with magical energy and its fangs glint viciously.
The scorpion closely misses your inugami.
Casting: Call Canine Familiar (quite dangerous; 3% risk of failure)
Confirm with . or Enter, or press ? or * to list all spells.
A tiny devil pulls itself out of the air.
The scorpion misses your inugami. The ice beast hits you.
* * * LOW HITPOINT WARNING * * *
The ice beast freezes you. You resist.
You die...

#.# #.### #.# #.# ###
#.# # #.# #...#
#.######. ###.#
#........ #####.#
##.####### ......# #$
##..# #######
#.#####...#####
......#
#.#.....©.Y@..##
#####.#
#...#########5.# ##
#.# #..##8$._sh8##.#
.. ...#
#..#..??$[[..#.# .
#.###
##.#..#...#..#.#.# #.
#.#)#.....#.#.#.#####
#.#.$...!..©#.....!..
#.#.#.....#.#.#.#####
#.#..#.©.#..#.#.#


You could see an ice beast (ally target), a scorpion (distracted), a friendly
cerulean imp (summoned) and a friendly inugami (summoned).

Vanquished Creatures
  2 adders
  A ribbon worm (D:2)
  2 dart slugs (D:1)
  An orc (D:3)
  4 bats
  6 endoplasms
  2 giant cockroaches
  4 goblins
  7 hobgoblins
  2 jackals (D:2)
  7 kobolds
  6 quokkas
  6 ball pythons
  2 frilled lizards
  7 rats
59 creatures vanquished.

Vanquished Creatures (collateral kills)
  An adder (D:2)
  An orc (D:3)
  A goblin (D:2)
  4 jackals (D:2)
  A kobold (D:2)
8 creatures vanquished.

Grand Total: 67 creatures vanquished

Notes
Turn   | Place    | Note
-------+----------+-------------------------------------------
     0 | D:1      | mopl the Tengu Summoner began the quest for the Orb.
     0 | D:1      | Reached XP level 1. HP: 10/10 MP: 4/4
   157 | D:1      | Reached skill level 5 in Summonings
   236 | D:1      | Reached XP level 2. HP: 12/15 MP: 6/6
   240 | D:1      | Learned a level 2 spell: Call Imp
   788 | D:1      | Reached XP level 3. HP: 10/19 MP: 7/7
   800 | D:1      | Learned a level 3 spell: Call Canine Familiar
  1327 | D:2      | Reached XP level 4. HP: 20/24 MP: 9/9
  1703 | D:2      | Reached skill level 6 in Summonings
  2685 | D:3      | Found a stormy altar of Qazlal.
  2687 | D:3      | Noticed a scorpion
  2687 | D:3      | Noticed an ice beast
  2690 | D:3      | Found a transporter.
  2701 | D:3      | Found a transporter.
  2742 | D:3      | Slain by an ice beast

Illustrated notes

Levels and vault maps discovered:
D:1:      lightli_arrival_lavapool, layout_basic
D:2:      layout_loops_ring, minmay_between
D:3:      layout_loops_ring, gammafunk_temple_overflow_arena,
          serial_co_window_serial, co_window_paths_a, co_window_paths_b,
          co_window_corner_a, co_window_of_opportunity_a, co_window_corner_a,
          co_window_corner_ca, co_window_paths_c, co_window_corner_b,
          co_window_paths_c, co_window_broadway_c, co_window_4corner_a,
          glass_columns_b, supply_closet_lemuel, minmay_misc_feat_doors,
          nicolae_elevator_lobby_asterisk

Skill      XL: |  1  2  3  4 |
---------------+-------------+-----
Summonings     | 5 6 |  6.1
Spellcasting   | 3 |  3.4
Polearms       | |  0.7
Dodging        | |  2.1
Stealth        | |  2.0

Action                     |  1- 3 |  4- 6 || total
---------------------------+-------+-------++-------
  Melee: Unarmed           |    65 |       ||    65
         Kick              |    41 |    18 ||    59
         Peck              |    19 |     6 ||    25
         Punch             |     1 |     1 ||     2
         Dagger            |    40 |     6 ||    46
         Spear             |       |    76 ||    76
   Cast: Call Imp          |     1 |     3 ||     4
         Call Canine Famil |     1 |     3 ||     4
         Summon Small Mamm |       |     1 ||     1
   Stab: Sleeping          |     8 |     7 ||    15
 Armour: Robe              |    36 |    30 ||    66
  Dodge: Dodged            |    68 |    36 ||   104
  Block: Other             |     1 |    15 ||    16
